 Dungeon Crawl Stone Soup version 0.15.0-8-gb109cf8 (webtiles) character file.

5326 Fluffy the Cleaver (level 10, -4/82 HPs)
             Began as a Hill Orc Berserker on Aug 30, 2014.
             Was a High Priest of Trog.
             Slain by a wolf (10 damage)
             ... on Level 1 of the Lair of Beasts.
             The game lasted 00:54:19 (9618 turns).

Fluffy the Cleaver (Hill Orc Berserker)             Turns: 9618, Time: 00:54:19

HP  -4/82        AC  9     Str 21      XL: 10   Next: 64%
MP   0/15        EV 11     Int  7      God: Trog [*****.]
Gold 601         SH  7     Dex 13      Spells:  0 memorised,  9 levels left

rFire  . . .     SeeInvis +     A - +0 war axe (freeze)
rCold  . . .     Clarity  .     d - +3 leather armour of Schao {Slay+3}
rNeg   . . .     rCorr    .     g - +0 shield
rPois  .         rRot     .     (no helmet)
rElec  .         Spirit   +     C - +0 cloak
SustAb .         Warding  .     v - +0 pair of gloves
rMut   .         Stasis   .     (no boots)
Gourm  .                        l - amulet of guardian spirit
MR     +++..                    w - ring of see invisible
                                m - ring of protection from magic

@: regenerating, extremely resistant to hostile enchantments, very unstealthy
A: see invisible, frail 1
a: Burn Spellbooks, Berserk, Trog's Hand, Brothers in Arms, Renounce Religion


You were on level 1 of the Lair of Beasts.
You worshipped Trog.
Trog was extremely pleased with you.
You were very hungry.

You visited 2 branches of the dungeon, and saw 10 of its levels.

You collected 637 gold pieces.
You spent 36 gold pieces at shops.

Inventory:

Hand weapons
 a - a +1 hand axe
 e - a cursed +0 mace of protection
 i - a +0 hand crossbow
 o - a cursed +3 antimagic morningstar
 A - a +0 war axe of freezing (weapon)
Missiles
 j - 5 tomahawks (quivered)
 k - 30 bolts
 n - 5 javelins
Armour
 d - the +3 leather armour of Schao (worn) {Slay+3}
   (You found it on level 4 of the Dungeon)

   It affects your accuracy and damage with ranged weapons and melee attacks
   (+3).
 g - a +0 shield (worn)
 v - a +0 pair of gloves (worn)
 y - a +0 pearl dragon armour
 C - a +0 cloak (worn)
Magical devices
 r - a wand of digging (12)
 s - a wand of random effects (9)
 x - a wand of paralysis (4)
 F - a wand of confusion (3)
 H - a wand of confusion (11)
Comestibles
 c - 5 meat rations
 f - 12 bread rations
 h - 4 fruits
 z - 7 beef jerkies
Scrolls
 q - 3 scrolls of teleportation
 t - a scroll of vulnerability
 u - 4 scrolls of remove curse
 B - a scroll of fog
 D - a scroll of identify
 J - 3 scrolls of enchant weapon
Jewellery
 l - an amulet of guardian spirit (around neck)
 m - a ring of protection from magic (left hand)
 w - a ring of see invisible (right hand)
Potions
 b - 2 potions of lignification
 p - a potion of cancellation
 E - a potion of might
 G - 3 potions of heal wounds
 I - a potion of restore abilities


   Skills:
 + Level 9.7 Fighting
 + Level 10.7 Axes
 + Level 8.6 Armour
 + Level 6.4 Dodging
 + Level 3.2 Evocations


You had 9 spell levels left.
You didn't know any spells.

Dungeon Overview and Level Annotations

Branches:
Dungeon (9/15)             Temple (0/1) D:4            Lair (1/8) D:9
    Orc: D:9-12

Altars:
Dithmenos
Nemelex Xobeh
Okawaru
Qazlal
Trog
Xom

Shops:
D:5 }   D:6 *   D:7 !


Innate Abilities, Weirdness & Mutations

You have supernaturally acute eyesight.
You are frail (-10% HP).


Message History

The wolf misses you. x2
The wolf bites you but does no damage.
You slash the wolf! You freeze the wolf.
You kill the wolf!
Trog accepts your kill.
You slash the wolf! You freeze the wolf.
The wolf is moderately wounded.
You closely miss the wolf.
The wolf is lightly wounded.
The wolf bites you.
* * * LOW HITPOINT WARNING * * *
You block the wolf's attack. The wolf bites you.
* * * LOW HITPOINT WARNING * * *
The wolf bites you.
* * * LOW HITPOINT WARNING * * *
The wolf completely misses you. The wolf bites you.
* * * LOW HITPOINT WARNING * * *
The wolf bites you!
You die...

...# ##..#
#%%.# #####..#
##..#...#
##.....<.# ..#
#.......##
......#..h.>..#
#..@h....#
#........##
....#.......#
... ##......# #
#......#
......##
##.....#
##...## ##.


You could see 2 wolves.

Vanquished Creatures
  Pikel (D:5)
  Grum (D:8)
  2 hungry ghosts
  6 wolves
  Blork the orc (D:5)
  Menkaure (D:5)
  A sky beast (D:7)
  An orc warrior (D:8)
  3 phantoms
  2 water moccasins
  An ice beast (D:9)
  2 slaves (D:5)
  6 centaurs
  A crocodile (D:9)
  2 ogres (D:7)
  2 big kobolds
  6 giant frogs
  2 scorpions
  The ghost of MDvedh the Poker, a weakling MiWn (D:3)
  A hippogriff skeleton (D:7)
  A goliath beetle (D:6)
  4 crimson imps
  5 hounds
  5 orc wizards
  A black bear zombie (D:7)
  4 iguanas
  3 orc priests
  8 worker ants
  A killer bee zombie (D:7)
  An ogre zombie (D:7)
  A hound zombie (D:6)
  A mummy (D:8)
  13 adders
  A gnoll (D:1)
  4 shadow imps
  A goliath beetle zombie (D:5)
  A worm (D:4)
  An adder skeleton (D:5)
  An orc zombie (D:9)
  4 giant geckos
  38 orcs
  2 giant cockroaches
  20 goblins
  10 hobgoblins
  18 jackals
  2 quokkas
  A ball python (D:1)
  17 bats
  A giant gecko skeleton (D:9)
  5 giant newts
  A gnoll skeleton (D:4)
  27 kobolds
  A kobold skeleton (D:7)
  14 rats
261 creatures vanquished.

Vanquished Creatures (others)
  A slave (D:5)
  An orc wizard (D:5)
  A bat (D:5)
  A goblin (D:5)
4 creatures vanquished.

Grand Total: 265 creatures vanquished

Notes
Turn   | Place    | Note
--------------------------------------------------------------
     0 | D:1      | Fluffy, the Hill Orc Berserker, began the quest for the Orb.
     0 | D:1      | Reached XP level 1. HP: 19/19 MP: 1/1
   135 | D:1      | Reached XP level 2. HP: 21/27 MP: 2/2
   431 | D:1      | Reached XP level 3. HP: 11/33 MP: 3/3
   441 | D:1      | Acquired Trog's second power
  1486 | D:2      | Reached XP level 4. HP: 33/40 MP: 4/4
  1840 | D:2      | Reached skill level 5 in Axes
  2487 | D:3      | Found a shimmering altar of Xom.
  2522 | D:2      | Gained mutation: You are frail (-10% HP). [potion of mutation]
  2522 | D:2      | Gained mutation: You have supernaturally acute eyesight. [potion of mutation]
  2542 | D:3      | Noticed MDvedh's ghost (weakling MiWn)
  2761 | D:3      | Reached XP level 5. HP: 42/42 MP: 5/5
  2770 | D:3      | Killed MDvedh's ghost
  2834 | D:3      | Found a bloodstained altar of Trog.
  2837 | D:3      | Found a sparkling altar of Nemelex Xobeh.
  2888 | D:3      | Acquired Trog's third power
  3098 | D:3      | Reached skill level 5 in Fighting
  3158 | D:3      | Found a shadowy altar of Dithmenos.
  3292 | D:4      | Noticed a phantom
  3350 | D:4      | Killed a phantom
  3350 | D:4      | Reached XP level 6. HP: 15/50 MP: 1/6
  3585 | D:4      | Found a bloodstained altar of Trog.
  3685 | D:4      | Noticed a water moccasin
  3699 | D:4      | Killed a water moccasin
  3699 | D:4      | Reached skill level 6 in Axes
  3739 | D:4      | Reached XP level 7. HP: 17/54 MP: 3/7
  4043 | D:4      | Got a fine leather armour
  4120 | D:4      | Found a staircase to the Ecumenical Temple.
  4171 | D:4      | Noticed a hungry ghost
  4194 | D:4      | Killed a hungry ghost
  4194 | D:4      | Reached skill level 5 in Armour
  4238 | D:4      | Received a gift from Trog
  4442 | D:4      | Reached skill level 7 in Axes
  4442 | D:4      | Reached XP level 8. HP: 56/63 MP: 6/8
  4516 | D:5      | Entered Level 5 of the Dungeon
  4579 | D:5      | Noticed Pikel
  4620 | D:5      | Killed Pikel
  4916 | D:5      | Reached skill level 8 in Axes
  5182 | D:5      | Found Koosyowo's Gadget Shoppe.
  5365 | D:5      | Found an iron altar of Okawaru.
  5592 | D:5      | Reached XP level 9. HP: 71/71 MP: 9/9
  5820 | D:5      | Noticed Blork the orc
  5835 | D:5      | Killed Blork the orc
  5967 | D:5      | Noticed Menkaure
  5974 | D:5      | Killed Menkaure
  5974 | D:5      | Reached skill level 5 in Dodging
  6457 | D:6      | Found Hoafebb's General Store.
  6534 | D:6      | Identified the +3 leather armour of Schao {Slay+3} (You found it on level 4 of the Dungeon)
  6573 | D:6      | Found a stormy altar of Qazlal.
  6648 | D:6      | Reached skill level 9 in Axes
  6900 | D:7      | Found Nootuteo's Distillery.
  7082 | D:7      | Bought a potion of heal wounds for 36 gold pieces
  7302 | D:7      | Received a gift from Trog
  7901 | D:8      | Noticed Grum
  7908 | D:8      | Reached skill level 10 in Axes
  7908 | D:8      | Reached XP level 10. HP: 51/81 MP: 6/10
  7923 | D:8      | Killed Grum
  8011 | D:8      | HP: 3/81 [poisoned by a water moccasin]
  8024 | D:8      | HP: 4/81 [poisoned by a water moccasin]
  8028 | D:8      | HP: 1/81 [poisoned by a water moccasin]
  8033 | D:8      | HP: 4/81 [poisoned by a water moccasin]
  8154 | D:8      | Reached skill level 1 in Evocations
  9200 | D:9      | Found a staircase to the Lair.
  9596 | Lair:1   | Entered Level 1 of the Lair of Beasts
  9615 | Lair:1   | HP: 4/82 [wolf (5)]
  9618 | Lair:1   | Slain by a wolf

Action                   |  1- 3 |  4- 6 |  7- 9 | 10-12 || total
-------------------------+-------+-------+-------+-------++-------
Melee: Hand axe          |   168 |   236 |   690 |       ||  1094
       War axe           |       |       |    13 |   199 ||   212
Invok: Berserk           |       |     1 |     4 |       ||     5
       Trog's Hand       |       |       |       |     2 ||     2
Evoke: Wand              |       |       |     1 |     3 ||     4
  Use: Scroll            |       |     8 |     6 |     4 ||    18
       Potion            |       |     7 |     1 |     2 ||    10
 Stab: Invisible         |       |     1 |     1 |       ||     2
       Sleeping          |       |       |       |     1 ||     1
  Eat: Chunk             |     2 |     5 |    19 |     7 ||    33
       Pizza             |       |     1 |       |       ||     1
       Beef jerky        |       |     1 |       |       ||     1
       Fruit             |       |       |     1 |       ||     1
